 Dungeon Crawl Stone Soup version 0.19.0-11-g3fc08b3 (console) character file.

2254 lynn the Blocker (level 9, 0/75 HPs)
             Began as a Formicid Fighter on Nov 8, 2016.
             Was a Follower of Okawaru.
             Slain by Zorot's ghost (7 damage)
             ... on level 6 of the Dungeon.
             The game lasted 00:02:42 (6594 turns).

lynn the Blocker (Formicid Fighter)                 Turns: 6594, Time: 00:02:43

Health: 0/75       AC:  6    Str: 22    XL:     9   Next: 64%
Magic:  9/9        EV:  9    Int:  7    God:    Okawaru [*.....]
Gold:   261        SH: 12    Dex: 13    Spells: 0 memorised, 8 levels left

rFire  . . .     SeeInvis +     a - +0 war axe
rCold  . . .     Gourm    .     b - +0 scale mail
rNeg   . . .     Faith    .     c - +0 shield
rPois  .         Spirit   .     (helmet unavailable)
rElec  .         Reflect  .     (no cloak)
rCorr  .         Harm     .     (no gloves)
MR     .....                    (no boots)
Stlth  ..........               (no amulet)
                                (no ring)
                                (no ring)

@: no status effects
A: permanent stasis, dig shafts and tunnels, four strong arms, antennae 3
a: Dig, Shaft Self, Heroism, Renounce Religion


You were on level 6 of the Dungeon.
You worshipped Okawaru.
Okawaru was aware of your devotion.
You were hungry.

You visited 2 branches of the dungeon, and saw 7 of its levels.

You collected 261 gold pieces.

Inventory:

Hand Weapons
 a - a +0 war axe (weapon)
Armour
 b - a +0 scale mail (worn)
 c - a +0 shield (worn)
 m - a +0 pair of gloves
Jewellery
 g - a +2 ring of intelligence {unknown}
 o - a cursed ring of loudness {unknown}
 v - an uncursed ring of protection from fire {unknown}
 G - a +3 ring of evasion {unknown}
 K - an uncursed ring of protection from fire {unknown}
Wands
 r - a wand of paralysis (14/24)
 z - a wand of digging (16/24)
 A - a wand of teleportation (5/9)
 F - a wand of lightning (3/15)
Scrolls
 e - a scroll of enchant weapon {unknown}
 l - 8 scrolls of identify {unknown}
 q - a scroll of random uselessness {unknown}
 s - a scroll of magic mapping {unknown}
 u - 2 scrolls of fear {unknown}
 x - 4 scrolls of remove curse {unknown}
 y - a scroll of enchant armour {unknown}
 C - 2 scrolls of fog {unknown}
 E - a scroll of blinking {unknown}
 I - a scroll of amnesia {unknown}
 J - a scroll of teleportation {unknown}
Potions
 i - a potion of curing
 j - a potion of brilliance {unknown}
 k - a potion of lignification
 n - a potion of agility {unknown}
 p - a potion of degeneration {unknown}
 t - a potion of haste {unknown}
 w - a potion of berserk rage
 D - a potion of heal wounds {unknown}
Comestibles
 d - a chunk of flesh
 f - 4 bread rations
 h - 2 beef jerkies
 B - 2 meat rations
 H - a slice of pizza


   Skills:
 + Level 8.4 Fighting
 + Level 7.3 Axes
 - Level 3.2 Armour
 + Level 9.1 Shields


You had 8 spell levels left.
You didn't know any spells.

Dungeon Overview and Level Annotations

Branches:
Dungeon (6/15)             Temple (1/1) D:5

Altars:
Ashenzari
Cheibriados
Dithmenos
Elyvilon
Fedhas
Gozag
Hepliaklqana
Kikubaaqudgha
Makhleb
Nemelex Xobeh
Okawaru
Qazlal
Sif Muna
Trog
Uskayaw
Vehumet
Xom
Yredelemnul
Zin
The Shining One

Annotations:
D:6 Zorot's ghost, novice VSMo


Innate Abilities, Weirdness & Mutations

You are under a permanent stasis effect.
You can dig through walls and to a lower floor.
Your four strong arms can wield two-handed weapons with a shield.
You have a pair of large antennae on your head. (SInv)


Message History

Zorot's ghost hits you!
* * * LOW HITPOINT WARNING * * *
You closely miss Zorot's ghost.
Zorot's ghost is severely damaged.
Zorot's ghost hits you!
* * * LOW HITPOINT WARNING * * *
You block Zorot's ghost's attack.
Okay, then.
Your scale mail prevents you from hitting Zorot's ghost.
Zorot's ghost is severely damaged.
Zorot's ghost hits you.
* * * LOW HITPOINT WARNING * * *
You closely miss Zorot's ghost.
Zorot's ghost is severely damaged.
Zorot's ghost hits you.
* * * LOW HITPOINT WARNING * * *
You slash Zorot's ghost!
Zorot's ghost is almost destroyed.
Zorot's ghost hits you!
You die...

.##? ... ..# { ..#
#.# #l# #W# #
####+## #@#.#
......# #.###.#.#
...#..# #.......#
...#..## #####.###
#.#....# #.#
#......# #.#
###....## #.#
#.....########.#
####.............#


You could see Zorot's ghost and a leopard gecko.

Vanquished Creatures
  A gargoyle (D:6)
  Sigmund (D:4)
  Menkaure (D:5)
  Edmund (D:4)
  Duvessa (D:5)
  An ice beast (D:6)
  An orc warrior (D:6)
  2 ogres
  A phantom (D:6)
  A centaur (D:3)
  Blork the orc (D:5)
  A bullfrog (D:6)
  2 scorpions
  Dowan (D:5)
  A howler monkey (D:4)
  An electric eel (D:6)
  3 crimson imps
  3 orc wizards
  2 hounds
  A bullfrog skeleton (D:4)
  4 worker ants
  A hound skeleton (D:4)
  A worker ant zombie (D:5)
  6 adders
  A shadow imp (D:5)
  An adder skeleton (D:4)
  6 worms
  4 dart slugs
  5 leopard geckos
  9 orcs
  3 ball pythons
  A giant cockroach (D:5)
  10 goblins
  10 hobgoblins
  2 jackals (D:4)
  4 quokkas
  8 bats
  4 frilled lizards
  13 kobolds
  A leopard gecko skeleton (D:3)
  A quokka skeleton (D:5)
  2 quokka zombies (D:5)
  8 rats
132 creatures vanquished.

Vanquished Creatures (others)
  An orc (D:6)
1 creature vanquished.

Grand Total: 133 creatures vanquished

Notes
Turn   | Place    | Note
-------+----------+-------------------------------------------
     0 | D:1      | lynn the Formicid Fighter began the quest for the Orb.
     0 | D:1      | Reached XP level 1. HP: 18/18 MP: 1/1
    41 | D:1      | Reached XP level 2. HP: 24/24 MP: 2/2
   105 | D:1      | Found a shattered altar of Ashenzari.
   282 | D:1      | Reached XP level 3. HP: 27/30 MP: 3/3
   303 | D:1      | Reached skill level 4 in Shields
   868 | D:2      | Reached XP level 4. HP: 19/37 MP: 4/4
  1621 | D:3      | Found a bloodstained altar of Trog.
  1621 | D:3      | Found a hide-covered altar of Uskayaw.
  1711 | D:3      | Noticed a centaur
  1719 | D:3      | Killed a centaur
  1719 | D:3      | Reached skill level 5 in Shields
  1719 | D:3      | Reached XP level 5. HP: 40/43 MP: 5/5
  2238 | D:3      | Reached XP level 6. HP: 24/49 MP: 6/6
  2599 | D:3      | Noticed an ogre
  2604 | D:3      | Killed an ogre
  2604 | D:3      | Reached skill level 5 in Fighting
  3121 | D:4      | Noticed Sigmund
  3130 | D:4      | Killed Sigmund
  3130 | D:4      | Reached skill level 6 in Shields
  3130 | D:4      | Reached XP level 7. HP: 40/57 MP: 7/7
  3232 | D:4      | Noticed Edmund
  3252 | D:4      | Killed Edmund
  3547 | D:4      | Reached skill level 5 in Axes
  3589 | D:4      | Reached XP level 8. HP: 28/64 MP: 8/8
  4001 | D:5      | Entered Level 5 of the Dungeon
  4089 | D:5      | Noticed Blork the orc
  4092 | D:5      | Noticed Menkaure
  4100 | D:5      | Killed Blork the orc
  4100 | D:5      | Reached skill level 7 in Shields
  4101 | D:5      | Killed Menkaure
  4295 | D:5      | Found a staircase to the Ecumenical Temple.
  4831 | D:5      | Noticed Duvessa
  4831 | D:5      | Noticed Dowan
  4839 | D:5      | Killed Dowan
  4847 | D:5      | Killed Duvessa
  5062 | D:5      | Reached skill level 8 in Shields
  5097 | D:5      | Reached XP level 9. HP: 60/72 MP: 9/9
  5144 | Temple   | Entered the Ecumenical Temple
  5214 | Temple   | Became a worshipper of Warmaster Okawaru
  5702 | D:6      | Noticed a gargoyle
  5722 | D:6      | Killed a gargoyle
  5722 | D:6      | Reached * piety under Okawaru
  6126 | D:6      | Reached skill level 9 in Shields
  6575 | D:6      | Noticed Zorot's ghost (novice VSMo)
  6594 | D:6      | Slain by Zorot's ghost

Skill      XL: |  1  2  3  4  5  6  7  8  9 |
---------------+----------------------------+-----
Shields        | 4 5 6 8 9 |  9.1
Fighting       | 4 5 6 7 8 |  8.4
Axes           | 3 4 5 6 7 |  7.3
Armour         | |  3.2

Action                   |  1- 3 |  4- 6 |  7- 9 || total
-------------------------+-------+-------+-------++-------
Melee: War axe           |   111 |   167 |   237 ||   515
  Use: Potion            |       |       |     5 ||     5
  Eat: Chunk             |       |     8 |     6 ||    14
       Bread ration      |       |       |     1 ||     1
Armor: Scale mail        |    51 |    41 |    37 ||   129
       Skin              |       |       |     5 ||     5
Dodge: Dodged            |    27 |    45 |    46 ||   118
Block: Shield            |    39 |   101 |   128 ||   268

Vault maps used:
D:1:      matt_arrival_spirals, ashenzari_altar_1
D:3:      gammafunk_temple_overflow_elements
D:4:      first_bread, minmay_misc_feat_plants, sigmund_edmund_badplayer
D:5:      uniq_duvessa, uniq_menkaure, uniq_blork_the_orc
D:6:      cheibrodos_helix_gallery
Temple:   regret_index_temple_mists
